 Dungeon Crawl Stone Soup version 0.21.0-26-g889b8f6 (webtiles) character file.

592 nikopol the Shield-Bearer (level 7, -4/43 HPs)
             Began as a Gargoyle Fighter on Jan 27, 2018.
             Was a Follower of Okawaru.
             Slain by an ice beast (8 damage)
             ... on level 5 of the Dungeon.
             The game lasted 00:06:41 (3408 turns).

nikopol the Shield-Bearer (Gargoyle Fighter)        Turns: 3408, Time: 00:06:42

Health: -4/43      AC: 13    Str: 20    XL:     7   Next: 39%
Magic:  7/7        EV:  8    Int:  9    God:    Okawaru [*.....]
Gold:   284        SH: 10    Dex: 10    Spells: 6/6 levels left

rFire    . . .     SeeInvis .   u - +2 hand axe (chop)
rCold    . . .     Gourm    .   c - +0 shield
rNeg     + . .     Faith    .   b - +0 scale mail
rPois    ∞         Spirit   .   (no helmet)
rElec    +         Reflect  .   r - +0 cloak (curse)
rCorr    .         Harm     .   (no gloves)
MR       .....                  (no boots)
Stlth    ..........             (no amulet)
HPRegen  0.14/turn              (no ring)
MPRegen  0.10/turn              (no ring)

@: no status effects
A: negative energy resistance 1, electricity resistance, unbreathing,
petrification resistance, rot immunity, AC +4
a: Heroism, Renounce Religion


You were on level 5 of the Dungeon.
You worshipped Okawaru.
Okawaru was aware of your devotion.
You were not hungry.

You visited 1 branch of the dungeon, and saw 5 of its levels.

You collected 284 gold pieces.

Inventory:

Hand Weapons
 a - a +0 war axe
 u - a +2 hand axe of chopping (weapon)
Missiles
 t - a tomahawk of returning (quivered)
 w - 5 tomahawks
Armour
 b - a +0 scale mail (worn)
 c - a +0 shield (worn)
 r - a cursed +0 cloak (worn)
Wands
 q - a wand of random effects (36)
 s - a wand of digging (14)
Scrolls
 e - a scroll of amnesia {unknown}
 g - 2 scrolls of enchant armour {unknown}
 h - 8 scrolls of identify {unknown}
 i - 3 scrolls of remove curse {unknown}
 j - 2 scrolls of enchant weapon {unknown}
 k - 4 scrolls of teleportation {unknown}
 o - 2 scrolls of random uselessness {unknown}
Potions
 d - a potion of might
 l - a potion of invisibility
 m - a potion of brilliance {unknown}
 n - 2 potions of ambrosia {unknown}
 p - a potion of mutation {unknown}
Comestibles
 f - 10 rations
 v - 3 chunks of flesh


   Skills:
 + Level 4.1 Fighting
 + Level 4.7 Axes
 + Level 4.7 Armour
 + Level 1.6 Dodging
 + Level 0.3 Stealth
 + Level 5.2 Shields


You had 6 spell levels left.
You didn't know any spells.

Dungeon Overview and Level Annotations

Branches:
Dungeon (5/15)
 Temple: D:4-7

Altars:
Fedhas
Makhleb
Okawaru
Qazlal
Xom
Yredelemnul
The Shining One

Shops:
D:4 }   D:5 *


Innate Abilities, Weirdness & Mutations

You are resistant to torment.
Your stone body is resilient. (AC +4)
You are immune to poison.
You resist negative energy. (rN+)
You are resistant to electric shocks. (rElec)
You can survive without breathing.
You are immune to petrification.
You are immune to rotting.


Message History

This raw flesh tastes terrible.
An ice beast comes into view.
An ice beast is nearby!
An ice beast is nearby!
The ice beast hits you but does no damage.
You hit the ice beast but do no damage.
The ice beast hits you but does no damage.
You hit the ice beast but do no damage. The ice beast hits you.
The ice beast freezes you.
You closely miss the ice beast. The ice beast misses you.
You barely miss the ice beast. You block the ice beast's attack.
The ice beast barely misses you.
You barely miss the ice beast. The ice beast hits you.
The ice beast freezes you!
* * * LOW HITPOINT WARNING * * *
Your shield and scale mail prevent you from hitting the ice beast.
The ice beast hits you.
* * * LOW HITPOINT WARNING * * *
The ice beast freezes you!
You die...

.. )# ## Y.
#####.... #.
###.....# #.#
#..)#
#..#######.###
######..##Y@...#
#.∩........#####
### ...#######.#
##.. #.# ##... #
#.## #..#
#..##..#####.#
#............#
#....#.####..#
##..##.## ##.#


You could see an ice beast.

Vanquished Creatures
  A phantom (D:5)
  A centaur (D:5)
  A scorpion (D:5)
  A howler monkey (D:5)
  2 hounds
  A centaur skeleton (D:4)
  An orc wizard (D:4)
  Ijyb (D:4)
  An iguana (D:5)
  2 worker ants
  2 adders
  4 worms
  3 leopard geckos
  11 orcs
  4 giant cockroaches
  5 goblins
  11 hobgoblins
  8 jackals
  A quokka (D:3)
  A ball python (D:4)
  5 bats
  4 frilled lizards
  A jackal skeleton (D:5)
  9 kobolds
  A quokka skeleton (D:4)
  8 rats
90 creatures vanquished.

Notes
Turn   | Place    | Note
-------+----------+-------------------------------------------
     0 | D:1      | nikopol the Gargoyle Fighter began the quest for the Orb.
     0 | D:1      | Reached XP level 1. HP: 14/14 MP: 1/1
   260 | D:1      | Reached XP level 2. HP: 19/19 MP: 2/2
   712 | D:2      | Reached XP level 3. HP: 23/23 MP: 3/3
   933 | D:2      | Reached skill level 4 in Shields
   952 | D:2      | Reached XP level 4. HP: 28/28 MP: 4/4
  1850 | D:3      | Found a burning altar of Makhleb.
  1860 | D:3      | Found a shimmering altar of Xom.
  1862 | D:3      | Found an iron altar of Okawaru.
  1867 | D:3      | Found a basalt altar of Yredelemnul.
  1870 | D:3      | Found a blossoming altar of Fedhas.
  1871 | D:3      | Found a glowing golden altar of the Shining One.
  1876 | D:3      | Became a worshipper of Warmaster Okawaru
  2150 | D:4      | Reached XP level 5. HP: 28/33 MP: 5/5
  2474 | D:4      | Found a stormy altar of Qazlal.
  2580 | D:4      | Noticed Ijyb
  2605 | D:4      | Killed Ijyb
  2605 | D:4      | Reached XP level 6. HP: 21/38 MP: 6/6
  2843 | D:4      | Found Netu Ada's Gadget Emporium.
  2965 | D:5      | Entered Level 5 of the Dungeon
  2977 | D:5      | Reached * piety under Okawaru
  3200 | D:5      | Noticed a phantom
  3232 | D:5      | Reached skill level 5 in Shields
  3270 | D:5      | Killed a phantom
  3270 | D:5      | Reached skill level 1 in Dodging
  3270 | D:5      | Reached XP level 7. HP: 25/43 MP: 7/7
  3280 | D:5      | Found Siotupsait's General Store.
  3408 | D:5      | Slain by an ice beast

Skill      XL: |  1  2  3  4  5  6 |
---------------+-------------------+-----
Axes           | 2 3 4 |  4.7
Shields        | 4 5 |  5.2
Armour         | 4 |  4.7
Fighting       | 4 |  4.1
Dodging        | 1 |  1.6
Stealth        | |  0.3

Action                   |  1- 3 |  4- 6 |  7- 9 || total
-------------------------+-------+-------+-------++-------
Melee: War axe           |   114 |    86 |       ||   200
       Hand axe          |       |    86 |    26 ||   112
  Eat: Chunk             |       |     8 |     1 ||     9
Armor: Scale mail        |    83 |    96 |     9 ||   188
Dodge: Dodged            |    45 |    59 |     6 ||   110
Block: Shield            |    73 |   118 |     8 ||   199
